 Dungeon Crawl Stone Soup version bcrawl-1.19.1 (webtiles) character file.

Game seed: 15824308868596982516

41 diana the Chopper (level 3, -6/31 HPs)
             Began as a Minotaur Sloth Apostle on Nov 27, 2019.
             Was an Initiate of Cheibriados.
             Mangled by an orc
             ... wielding a +0 short sword
              (8 damage)
             ... on level 2 of the Dungeon.
             The game lasted 00:00:51 (1130 turns).

diana the Chopper (Minotaur Sloth Apostle)          Turns: 1130, Time: 00:00:51

Health: -6/31      AC:  2    Str: 18    XL:     3   Next: 32%
Magic:  3/3        EV:  8    Int: 10    God:    Cheibriados [......]
Gold:   67         SH:  8    Dex: 10    Spells: 3/4 levels left

rFire    . . .     SeeInvis .   a - +0 hand axe
rCold    . . .     Gourm    .   c - +0 shield
rNeg     . . .     Faith    .   b - +0 robe
rPois    .         Spirit   .   (helmet restricted)
rElec    .         Reflect  .   (no cloak)
rCorr    .         Harm     .   (no gloves)
MR       .....                  (no boots)
Stlth    ++........             (no amulet)
HPRegen  0.10/turn              (no ring)
MPRegen  0.08/turn              (no ring)

@: very slow
A: retaliatory headbutt, horns 2
a: Bend Time, Renounce Religion


You were on level 2 of the Dungeon.
You worshipped Cheibriados.
Cheibriados was noncommittal.
You were very hungry.

You visited 1 branch of the dungeon, and saw 2 of its levels.

You collected 67 gold pieces.

Inventory:

Hand Weapons
 a - a +0 hand axe (weapon)
Armour
 b - a +0 robe (worn)
 c - a +0 shield (worn)
Jewellery
 g - an uncursed ring of resist corrosion {unknown}
 i - an uncursed ring of protection from fire {unknown}
Wands
 d - a wand of paralysis (10)
Scrolls
 e - a scroll of identify {unknown}
Potions
 h - 2 potions of degeneration {unknown}
 j - a potion of agility {unknown}
Comestibles
 f - a ration {!d}


   Skills:
 + Level 3.0 Fighting
 * Level 3.6 Axes
 - Level 0.5 Armour
 - Level 2.6 Stealth
 + Level 3.1 Shields
 - Level 1.0 Spellcasting
 - Level 0.5 Hexes
 - Level 0.8 Evocations


You had 3 spell levels left.
You knew the following spells:

 Your Spells              Type           Power        Failure   Level  Hunger
a - Slow                  Hex            #.......     78%         1    ##.....
Your spell library was empty.

Dungeon Overview and Level Annotations

Branches:
Dungeon (2/12)

Altars:


Innate Abilities, Weirdness & Mutations

You reflexively headbutt those who attack you in melee.
You have a pair of horns on your head.


Message History

You hit the hobgoblin. You hit the orc. You block the orc's attack.
The orc priest hits you with a +0 mace.
* * * LOW HITPOINT WARNING * * *
You block the hobgoblin's attack.
You closely miss the orc priest.
The orc priest is moderately wounded.
You hit the hobgoblin but do no damage. You closely miss the orc.
You block the orc's attack.
The orc priest calls down the wrath of Beogh upon you.
You barely resist. The hobgoblin hits you with a +0 club.
* * * LOW HITPOINT WARNING * * *
You closely miss the orc priest.
The orc priest is moderately wounded.
You hit the hobgoblin.
You kill the hobgoblin!
Cheibriados appreciates the change of pace.
You closely miss the orc. The orc hits you with a +0 short sword.
* * * LOW HITPOINT WARNING * * *
You block the orc priest's attack. The orc hits you with a +0 short sword!
You die...

### ##########..
#...$......#+#
.>........##.##
.........##...##
.......)##.....##
......o@)...⌠...+
......)o###...###
......... #..†#
..........#.<.#
#........(#...#
........###...#
.#......+...⌠...+
#......##.....##
##...##


You could see an orc priest and an orc.

Vanquished Creatures
  2 oozes
  3 dart slugs
  2 leopard geckos
  2 orcs (D:2)
  2 giant cockroaches (D:1)
  3 hobgoblins
  A jackal (D:2)
  4 kobolds
  4 bats (D:1)
  A rat (D:1)
24 creatures vanquished.

Notes
Turn   | Place    | Note
-------+----------+-------------------------------------------
     0 | D:1      | diana the Minotaur Sloth Apostle began the quest for the
                  | Orb.
     0 | D:1      | Reached XP level 1. HP: 18/18 MP: 1/1
   342 | D:1      | Reached XP level 2. HP: 25/25 MP: 2/2
  1107 | D:2      | Reached XP level 3. HP: 30/30 MP: 3/3
  1130 | D:2      | Mangled by an orc

Skill      XL: |  1  2  3 |
---------------+----------+-----
Axes           | 3 |  3.6
Shields        | 3 |  3.1
Fighting       | 3 |  3.0
Armour         | |  0.5
Stealth        | |  2.6
Spellcasting   | |  1.0
Hexes          | |  0.5
Evocations     | |  0.8

Action                   || total
-------------------------++-------
Melee: Hand axe          ||    46
       Headbutt          ||     9
 Stab: Sleeping          ||     4
Armor: Robe              ||    17
Dodge: Dodged            ||    20
Block: Shield            ||    26
